 Dungeon Crawl Stone Soup version 0.27.0-1-g7a089689b8 (webtiles) character file.

Game seed: 7597367013553276111

15155 HungrySpirit the Nimble (level 12, -2/97 HPs)
             Began as a Gnoll Monk on Aug 1, 2021.
             Was a High Priest of Okawaru.
             Slain by a vampire (5 damage)
             ... on level 1 of the Orcish Mines.
             The game lasted 00:36:30 (22624 turns).

HungrySpirit the Nimble (Gnoll Monk)               Turns: 22624, Time: 00:36:30

Health: -2/97      AC: 19    Str: 14 (19) XL:     12   Next: 24%
Magic:  0/22       EV:  5    Int:  8 (10) God:    Okawaru [*****.]
Gold:   3155       SH: 12    Dex: 15 (16) Spells: 25/25 levels left

rFire    . . .     SeeInvis .   y - +2 short sword (elec)
rCold    + . .     Faith    .   e - +2 kite shield {AC+3}
rNeg     . . .     Spirit   +   O - +1 plate armour of Okawaru's Respect {Str+5 Slay+3}
rPois    .         Reflect  .   (no helmet)
rElec    .         Harm     .   h - scarf {shadows}
rCorr    .         Rampage  .   p - +0 pair of gloves
Will     .....                  d - +0 pair of boots
Stlth    ..........             C - amulet of guardian spirit
HPRegen  0.26/turn              J - ring of protection from cold
MPRegen  0.18/turn              (no ring)

@: no status effects
A: fangs 1, strong nose, distributed training, deterioration 1
a: Renounce Religion, Heroism, Finesse


You were on level 1 of the Orcish Mines.
You worshipped Okawaru.
Okawaru was extremely pleased with you.
You visited 3 branches of the dungeon, and saw 15 of its levels.
You also visited: Bailey.

You collected 3155 gold pieces.

Inventory:

Hand Weapons
 a - the +6 dagger of Qeog {speed, rC+ Will+ Str+2 Int+2}
   (You took it off an orc priest on level 6 of the Dungeon)

   Attacks with this weapon are significantly faster.
   Str:       It affects your strength (+2).
   Int:       It affects your intelligence (+2).
   rC:        It protects you from cold.
   Will:      It increases your willpower.
 q - a +1 hand axe of venom
 y - a +2 short sword of electrocution (weapon)
 A - a +0 shortbow of flaming
 E - a +2 long sword of flaming
 G - the +3 bardiche of Vanity {spect, Drain +Rage rElec Str+5}
   (You took it off a gnoll sergeant in a bailey)

   When its wielder attacks, the weapon's spirit leaps out and strikes again.
   The spirit shares a part of any damage it takes with its wielder.
   Str:       It affects your strength (+5).
   rElec:     It insulates you from electricity.
   +Rage:     It lets you go berserk.
   Drain:     It drains your maximum health when unequipped.
Missiles
 o - 4 throwing nets
 r - 6 atropa-tipped darts (quivered)
 u - 17 poisoned darts
 v - 7 silver javelins
 B - 44 arrows
Armour
 d - a +0 pair of boots (worn)
 e - a +2 kite shield of protection (worn)
 h - a scarf of shadows (worn)
 l - the +4 kite shield "Vofirot" {Rampage}
   (You acquired it on level 10 of the Dungeon)

   Rampage:   It bestows one free step when moving towards enemies.
 p - a +0 pair of gloves (worn)
 O - the +1 plate armour of Okawaru's Respect (worn) {Str+5 Slay+3}
   (Okawaru gifted it to you on level 11 of the Dungeon)

   Str:       It affects your strength (+5).
   Slay:      It affects your accuracy & damage with ranged weapons and melee
   (+3).
Jewellery
 i - an amulet of faith
 n - an amulet of magic regeneration
 t - an amulet of the acrobat
 C - an amulet of guardian spirit (around neck)
 J - a ring of protection from cold (left hand)
Wands
 c - a wand of charming (9)
 I - a wand of flame (16)
 N - a wand of digging (9)
Scrolls
 b - a scroll of fog
 g - a scroll of torment {unknown}
 k - 4 scrolls of noise
 m - 3 scrolls of enchant weapon
 s - 2 scrolls of amnesia {unknown}
 w - a scroll of immolation {unknown}
 x - a scroll of teleportation
 M - a scroll of silence {unknown}
Potions
 f - a potion of haste
 j - 3 potions of curing
 z - a potion of brilliance
Miscellaneous
 H - a tin of tremorstones (2/2)


   Skills:
 + Level 9.7 Fighting
 + Level 9.7 Short Blades
 + Level 7.1 Long Blades
 + Level 7.1 Axes
 + Level 7.1 Maces & Flails
 + Level 7.1 Polearms
 + Level 7.1 Staves
 + Level 7.1 Slings
 + Level 7.1 Bows
 + Level 7.1 Crossbows
 + Level 7.1 Throwing
 + Level 7.1 Armour
 + Level 9.7 Dodging
 + Level 8.3 Stealth
 + Level 7.1 Shields
 + Level 7.1 Unarmed Combat
 + Level 7.1 Spellcasting
 + Level 5.9 Conjurations
 + Level 5.9 Hexes
 + Level 5.9 Summonings
 + Level 5.9 Necromancy
 + Level 5.9 Translocations
 + Level 5.9 Transmutations
 + Level 5.9 Fire Magic
 + Level 5.9 Ice Magic
 + Level 5.9 Air Magic
 + Level 5.9 Earth Magic
 + Level 5.9 Poison Magic
 + Level 7.8 Invocations
 + Level 7.1 Evocations


You had 25 spell levels left.
You didn't know any spells.
Your spell library contained the following spells:

 Spells                   Type           Power      Damage    Failure   Level
 Corona                   Hex            13%        N/A       98%         1
 Ensorcelled Hibernation  Hex/Ice        24%        N/A       99%         2
 Ignite Poison            Fire/Tmut/Pois 12%        N/A       100%        3
 Mephitic Cloud           Conj/Pois/Air  12%        N/A       100%        3
 Ozocubu's Armour         Ice            12%        N/A       100%        3
 Portal Projectile        Hex/Tloc       24%        N/A       100%        3
 Tukima's Dance           Hex            12%        N/A       100%        3
 Blade Hands              Tmut           6%         N/A       100%        5
 Bolt of Magma            Conj/Fire/Erth 6%         4d6       100%        5
 Excruciating Wounds      Necr           6%         N/A       100%        5
 Ozocubu's Refrigeration  Ice            6%         4d6       100%        7


Dungeon Overview and Level Annotations

Branches:
Dungeon (12/15)            Temple (1/1) D:5            Lair (0/6) D:9
    Orc (2/2) D:11            Elf (0/3) Orc:2        Bailey (visited)

Altars:
Ashenzari
Cheibriados
Dithmenos
Elyvilon
Fedhas
Gozag
Hepliaklqana
Kikubaaqudgha
Makhleb
Nemelex Xobeh
Okawaru
Qazlal
Ru
Sif Muna
Trog
Uskayaw
Vehumet
Wu Jian
Xom
Yredelemnul
Zin
The Shining One

Shops:
D:2 [   Orc:2 ?

Annotations:
Orc:2 exclusion: door


Innate Abilities, Weirdness & Mutations

You have very sharp teeth.
Your uncanny sense of smell can sniff out nearby items.
Your experience applies equally to all skills.
Your body sometimes deteriorates upon taking damage.


Message History

You feel better. Something hits you!
* * * LOW HITPOINT WARNING * * *
Something bites you but does no damage.
You feel much better. Something draws life force from you!
You hit something. You bite something. Something hits you.
You block something's attack.
Your shield prevents you from hitting something.
Your bite misses something. Something completely misses you.
You block something's attack.
You closely miss something. You hit something.
Lightning courses through something! You bite something. Something hits you.
Something bites you!
Something draws strength from your injuries!
You hit something but do no damage. Something draws life force from you!
* * * LOW HITPOINT WARNING * * *
You hit something but do no damage. Something hits you but does no damage.
Something burns you!
* * * LOW HITPOINT WARNING * * *
Something bites you but does no damage.
You feel much better. Something hits you but does no damage.
Something burns you. Something bites you but does no damage.
You closely miss something. Your bite misses something. Something hits you.
Something bites you!
* * * LOW HITPOINT WARNING * * *
Your body deteriorates!
You feel dopey.
Something draws strength from your injuries!
You hit something. Lightning courses through something!
You hit something but do no damage. Something draws life force from you.
* * * LOW HITPOINT WARNING * * *
You miss something. Something hits you.
* * * LOW HITPOINT WARNING * * *
Something burns you!
* * * LOW HITPOINT WARNING * * *
Something bites you!
* * * LOW HITPOINT WARNING * * *
Something draws strength from your injuries!
You feel better. Something hits you!
* * * LOW HITPOINT WARNING * * *
Something burns you.
You die...

......................##
.....#................#
.....#....##..........#
..................##.##
...........#.....#####
.......#....#......####
.............#......#.##
................#......##
)).............#@.......##
>[.....#^......{.........# ###
.[..........#.##....##..## ##.##
.#.......<..####........####...##
...)[........##...#.....#.###...#
....)....#...#...##....#...#....#
.........##.###.##.....##.###..##
........##### ####.............##
.........# ##...............#


There were no monsters in sight!

Vanquished Creatures
  A two-headed ogre (D:11)
  3 orc knights
  A cyclops (D:11)
  4 molten gargoyles (D:9)
  A gargoyle (D:10)
  An unseen horror (D:10)
  A komodo dragon (D:11)
  A hellwing (Orc:2)
  6 trolls
  3 yaks (D:10)
  A shadow (D:8)
  2 wraiths
  A basilisk (D:11)
  2 steam dragons
  7 wargs
  A water moccasin (D:5)
  Duvessa (D:6)
  26 orc warriors
  3 necrophages
  A centaur (D:6)
  4 ogres
  A phantom (D:7)
  A kobold brigand (D:9)
  3 bullfrogs (D:9)
  8 gnoll sergeants (Bailey)
  4 scorpions
  Dowan (D:6)
  A water moccasin zombie (D:5)
  6 howler monkeys
  A lava snake (D:9)
  4 hounds
  A bullfrog zombie (D:6)
  2 centaur zombies
  25 orc priests
  A centaur skeleton (D:7)
  A bullfrog skeleton (D:5)
  6 gnoll shamans (Bailey)
  2 iguanas (D:6)
  21 orc wizards
  A killer bee zombie (D:7)
  A howler monkey zombie (D:9)
  14 gnolls (Bailey)
  6 adders
  4 howler monkey skeletons
  A white imp (D:6)
  2 adder skeletons (D:4)
  4 worms
  2 dart slugs
  87 orcs
  8 endoplasms
  2 giant cockroaches
  8 goblins
  6 hobgoblins
  6 jackals (D:2)
  9 kobolds
  6 quokkas
  7 ball pythons
  5 bats
  A frilled lizard (D:2)
  5 rats
345 creatures vanquished.

Vanquished Creatures (others)
  A steam dragon (D:8)
1 creature vanquished.

Grand Total: 346 creatures vanquished

Notes
Turn   | Place    | Note
-------+----------+-------------------------------------------
     0 | D:1      | HungrySpirit the Gnoll Monk began the quest for the Orb.
     0 | D:1      | Reached XP level 1. HP: 23/23 MP: 1/1
   280 | D:1      | Reached XP level 2. HP: 28/29 MP: 2/2
   736 | D:2      | Found a faded altar of an unknown god.
  1101 | D:2      | Found Ikky's Antique Armour Boutique.
  1106 | D:2      | Reached XP level 3. HP: 35/35 MP: 3/3
  1237 | D:2      | Reached skill level 1 in Invocations
  1251 | D:2      | Reached skill level 1 in Long Blades
  1251 | D:2      | Reached skill level 1 in Axes
  1251 | D:2      | Reached skill level 1 in Maces & Flails
  1251 | D:2      | Reached skill level 1 in Polearms
  1251 | D:2      | Reached skill level 1 in Staves
  1251 | D:2      | Reached skill level 1 in Slings
  1251 | D:2      | Reached skill level 1 in Bows
  1251 | D:2      | Reached skill level 1 in Crossbows
  1251 | D:2      | Reached skill level 1 in Throwing
  1251 | D:2      | Reached skill level 1 in Armour
  1251 | D:2      | Reached skill level 1 in Shields
  1251 | D:2      | Reached skill level 1 in Unarmed Combat
  1251 | D:2      | Reached skill level 1 in Spellcasting
  1251 | D:2      | Reached skill level 1 in Evocations
  1452 | D:2      | Reached XP level 4. HP: 40/41 MP: 5/5
  1706 | D:3      | Reached skill level 1 in Conjurations
  1706 | D:3      | Reached skill level 1 in Hexes
  1706 | D:3      | Reached skill level 1 in Summonings
  1706 | D:3      | Reached skill level 1 in Necromancy
  1706 | D:3      | Reached skill level 1 in Translocations
  1706 | D:3      | Reached skill level 1 in Transmutations
  1706 | D:3      | Reached skill level 1 in Fire Magic
  1706 | D:3      | Reached skill level 1 in Ice Magic
  1706 | D:3      | Reached skill level 1 in Air Magic
  1706 | D:3      | Reached skill level 1 in Earth Magic
  1706 | D:3      | Reached skill level 1 in Poison Magic
  1935 | D:3      | Reached XP level 5. HP: 46/47 MP: 6/6
  3250 | D:4      | Noticed a necrophage
  3290 | D:3      | Killed a necrophage
  3291 | D:3      | Reached XP level 6. HP: 52/53 MP: 8/8
  3756 | D:4      | Reached XP level 7. HP: 58/59 MP: 10/10
  4617 | D:5      | Entered Level 5 of the Dungeon
  4845 | D:5      | Reached skill level 5 in Stealth
  5043 | D:5      | Found a staircase to the Ecumenical Temple.
  5049 | Temple   | Entered the Ecumenical Temple
  5131 | Temple   | Became a worshipper of Warmaster Okawaru
  5131 | Temple   | Reached * piety under Okawaru
  5131 | Temple   | Reached ** piety under Okawaru
  5934 | D:6      | Noticed Duvessa
  5935 | D:6      | Noticed Dowan
  6048 | D:5      | Reached XP level 8. HP: 37/67 MP: 12/12
  6213 | D:6      | Gained mutation: Your body sometimes deteriorates upon
                  | taking damage. [potion of mutation]
  6224 | D:6      | HP: 1/67 [Duvessa (5)]
  6225 | D:6      | Killed Duvessa
  6658 | D:6      | Killed Dowan
  7525 | D:6      | Found a bloodstained altar of Trog.
  7817 | D:6      | Identified the +6 dagger of Qeog {speed, rC+ Will+ Str+2
                  | Int+2}
  8705 | D:7      | Reached XP level 9. HP: 73/73 MP: 14/14
 10021 | D:7      | Reached *** piety under Okawaru
 10556 | D:8      | Noticed a five-headed hydra
 10990 | D:8      | Reached skill level 5 in Invocations
 11545 | D:9      | Reached XP level 10. HP: 74/80 MP: 17/17
 11582 | D:9      | Noticed a molten gargoyle
 11583 | D:9      | Noticed a molten gargoyle
 11628 | D:9      | Noticed a molten gargoyle
 11634 | D:9      | Killed a molten gargoyle
 11634 | D:9      | Reached **** piety under Okawaru
 11635 | D:9      | Reached skill level 5 in Long Blades
 11635 | D:9      | Reached skill level 5 in Axes
 11635 | D:9      | Reached skill level 5 in Maces & Flails
 11635 | D:9      | Reached skill level 5 in Polearms
 11635 | D:9      | Reached skill level 5 in Staves
 11635 | D:9      | Reached skill level 5 in Slings
 11635 | D:9      | Reached skill level 5 in Bows
 11635 | D:9      | Reached skill level 5 in Crossbows
 11635 | D:9      | Reached skill level 5 in Throwing
 11635 | D:9      | Reached skill level 5 in Armour
 11635 | D:9      | Reached skill level 5 in Shields
 11635 | D:9      | Reached skill level 5 in Unarmed Combat
 11635 | D:9      | Reached skill level 5 in Spellcasting
 11635 | D:9      | Reached skill level 5 in Evocations
 11659 | D:10     | Entered Level 10 of the Dungeon
 11920 | D:10     | Identified 4 scrolls of acquirement
 11926 | D:10     | Acquired a +2 kite shield of protection
 11933 | D:10     | Acquired the +4 kite shield "Vofirot" {Rampage}
 11935 | D:10     | Acquired 391 gold pieces
 11937 | D:10     | Acquired 1029 gold pieces
 11973 | D:10     | Found a flagged portal.
 12010 | Bailey   | Entered a bailey
 12352 | Bailey   | Received a gift from Okawaru
 12426 | Bailey   | Identified the +3 bardiche of Vanity {spect, Drain +Rage
                  | rElec Str+5}
 13324 | D:10     | Noticed a gargoyle
 13384 | D:9      | Killed a molten gargoyle
 13602 | D:9      | Noticed a molten gargoyle
 13799 | D:9      | Killed a molten gargoyle
 13900 | D:9      | Killed a molten gargoyle
 14147 | D:9      | Reached ***** piety under Okawaru
 14307 | D:9      | Found a staircase to the Lair.
 14706 | D:10     | Killed a gargoyle
 14714 | D:10     | Received a gift from Okawaru
 15158 | D:10     | Reached XP level 11. HP: 87/87 MP: 19/19
 15370 | D:10     | Received a gift from Okawaru
 15539 | D:11     | Noticed a cyclops
 15542 | D:11     | Killed a cyclops
 15543 | D:11     | Reached skill level 5 in Conjurations
 15543 | D:11     | Reached skill level 5 in Hexes
 15543 | D:11     | Reached skill level 5 in Summonings
 15543 | D:11     | Reached skill level 5 in Necromancy
 15543 | D:11     | Reached skill level 5 in Translocations
 15543 | D:11     | Reached skill level 5 in Transmutations
 15543 | D:11     | Reached skill level 5 in Fire Magic
 15543 | D:11     | Reached skill level 5 in Ice Magic
 15543 | D:11     | Reached skill level 5 in Air Magic
 15543 | D:11     | Reached skill level 5 in Earth Magic
 15543 | D:11     | Reached skill level 5 in Poison Magic
 16236 | D:11     | Found a staircase to the Orcish Mines.
 16279 | D:11     | Identified the +1 plate armour of Okawaru's Respect {Str+5
                  | Slay+3} (Okawaru gifted it to you on level 11 of the
                  | Dungeon)
 16279 | D:11     | Received a gift from Okawaru
 16640 | Orc:1    | Entered Level 1 of the Orcish Mines
 16640 | Orc:1    | Noticed an orc warlord
 16794 | Orc:2    | Entered Level 2 of the Orcish Mines
 16882 | Orc:2    | Noticed an orc knight
 16900 | Orc:1    | Killed an orc knight
 17394 | Orc:2    | Found a staircase to the Elven Halls.
 18319 | Orc:2    | Noticed an orc knight
 18331 | Orc:2    | Killed an orc knight
 18635 | Orc:2    | Found a shimmering blue altar of Sif Muna.
 19251 | Orc:1    | Reached XP level 12. HP: 85/96 MP: 19/22
 20853 | Orc:2    | Found Qoergh's Magic Scroll Shop.
 21842 | D:11     | Noticed a two-headed ogre
 21852 | D:11     | Killed a two-headed ogre
 22204 | D:11     | HP: 4/97 [orc warlord/bolt (17)]
 22623 | Orc:1    | HP: 1/97 [something (7)]
 22624 | Orc:1    | Slain by a vampire

Illustrated notes

Levels and vault maps discovered:
D:1:      enne_arrival_octagon_isle, layout_loops_ring
D:2:      layout_basic, serial_shops, shop,
          shapermc_ecumenical_altar_mp_highgroup, minmay_circled_x
D:3:      minmay_evil_eye, layout_loops_corners, minmay_quantized
D:4:      layout_basic, minmay_circle_x
D:5:      layout_basic, temple_green, st_stairs_14
D:6:      layout_loops_ring, mainiacjoe_overflow_alcove_1, uniq_duvessa
D:7:      layout_layer_cave, minmay_misc_feat_secret_circle
D:8:      layout_basic
D:9:      layout_roguey, erik_lair_orcish_takeover, minivault_8
D:10:     layout_small_grid, enter_bailey_4
D:11:     layout_stronghold, david_orc_3
D:12:     layout_irregular_city, minmay_crystal_water, uniq_rupert
Temple:   dpeg_three_leaves_temple
Orc:1:    layout_caves
Orc:2:    pf_orc_diabolical, layout_caves, led_sif_book

Skill      XL: |  1  2  3  4  5  6  7  8  9 10 11 12 |
---------------+-------------------------------------+-----
Invocations    | 1 2 3 4 5 6 7 |  7.8
Long Blades    | 1 2 3 4 5 6 7 |  7.1
Axes           | 1 2 3 4 5 6 7 |  7.1
Maces & Flails | 1 2 3 4 5 6 7 |  7.1
Polearms       | 1 2 3 4 5 6 7 |  7.1
Staves         | 1 2 3 4 5 6 7 |  7.1
Slings         | 1 2 3 4 5 6 7 |  7.1
Bows           | 1 2 3 4 5 6 7 |  7.1
Crossbows      | 1 2 3 4 5 6 7 |  7.1
Throwing       | 1 2 3 4 5 6 7 |  7.1
Armour         | 1 2 3 4 5 6 7 |  7.1
Shields        | 1 2 3 4 5 6 7 |  7.1
Unarmed Combat | 1 2 3 4 5 6 7 |  7.1
Spellcasting   | 1 2 3 4 5 6 7 |  7.1
Evocations     | 1 2 3 4 5 6 7 |  7.1
Conjurations   | 1 2 3 4 5 |  5.9
Hexes          | 1 2 3 4 5 |  5.9
Summonings     | 1 2 3 4 5 |  5.9
Necromancy     | 1 2 3 4 5 |  5.9
Translocations | 1 2 3 4 5 |  5.9
Transmutations | 1 2 3 4 5 |  5.9
Fire Magic     | 1 2 3 4 5 |  5.9
Ice Magic      | 1 2 3 4 5 |  5.9
Air Magic      | 1 2 3 4 5 |  5.9
Earth Magic    | 1 2 3 4 5 |  5.9
Poison Magic   | 1 2 3 4 5 |  5.9
Fighting       | 7 8 9 |  9.7
Short Blades   | 7 8 9 |  9.7
Dodging        | 7 8 9 |  9.7
Stealth        | 5 6 7 8 |  8.3

Action                   |  1- 3 |  4- 6 |  7- 9 | 10-12 || total
-------------------------+-------+-------+-------+-------++-------
Melee: Short sword       |   117 |   209 |   297 |   208 ||   831
       Bite              |     4 |    20 |    67 |   183 ||   274
       Punch             |       |       |     9 |     3 ||    12
       Dagger            |       |       |   235 |  1126 ||  1361
       Hand axe          |       |       |       |     6 ||     6
 Fire: Shortbow          |       |       |    22 |       ||    22
Throw: Dart              |       |       |    15 |    16 ||    31
Invok: Heroism           |       |       |     1 |     3 ||     4
Evoke: Wand              |       |       |       |    11 ||    11
  Use: Potion            |       |       |     7 |     8 ||    15
       Scroll            |       |       |       |    13 ||    13
 Stab: Sleeping          |     8 |     8 |     8 |     4 ||    28
       Distracted        |       |     2 |       |       ||     2
       Invisible         |       |       |     2 |     9 ||    11
       Paralysed         |       |       |       |     3 ||     3
Armor: Robe              |    15 |       |       |       ||    15
       Ring mail         |    14 |    36 |    91 |   120 ||   261
       Plate armour      |       |     5 |    80 |   185 ||   270
       Skin              |       |       |       |    19 ||    19
Dodge: Dodged            |    50 |    78 |   176 |   261 ||   565
Block: Kite shield       |       |       |       |   498 ||   498
